 Dungeon Crawl Stone Soup version 0.28.0-53-g5a82cb258f (webtiles) character file.

Game seed: 13178556591113532142

177 protoss039 the Digger (level 5, 21/41 HPs)
             Began as a Demonspawn Earth Elementalist on June 15, 2022.
             Got out of the dungeon alive.
             The game lasted 00:01:23 (968 turns).

protoss039 the Digger (DsEE)                         Turns: 968, Time: 00:01:24

Health: 21/41      AC:  2    Str:  8    XL:     5   Next: 31%
Magic:  5/9        EV: 12    Int: 19    God:
Gold:   24         SH:  0    Dex: 13    Spells: 8/9 levels left

rFire   . . .      SeeInvis .   e - +2 dagger (freeze)
rCold   . . .      Faith    .   (no shield)
rNeg    . . .      Spirit   .   b - +0 robe
rPois   .          Reflect  .   (helmet restricted)
rElec   .          Harm     .   (no cloak)
rCorr   .          Rampage  .   (no gloves)
Will    .....                   (no boots)
Stlth   ++........              (no amulet)
HPRegen 0.13/turn               (no ring)
MPRegen 0.11/turn               (no ring)

@: no status effects
A: antennae 1, condensation shield
a: no special abilities


You escaped.
You visited 1 branch of the dungeon, and saw 2 of its levels.

You collected 24 gold pieces.

Inventory:

Hand Weapons
 e - a +2 dagger of freezing (weapon)
Missiles
 c - 19 stones
Armour
 b - a +0 robe (worn)
Scrolls
 f - 2 scrolls of identify {unknown}
 g - a scroll of torment {unknown}
Potions
 a - a potion of flight {unknown}
 d - a potion of magic {unknown}


   Skills:
 * Level 3.0 Fighting
 + Level 1.8 Armour
 - Level 1.7 Dodging
 - Level 1.7 Stealth
 + Level 2.9 Spellcasting
 - Level 1.0 Transmutations
 + Level 3.4 Earth Magic


You had 8 spell levels left.
You knew the following spells:

 Your Spells              Type           Power      Damage    Failure   Level
a - Sandblast             Erth           30%        2d9       3%          1

Your spell library contained the following spells:

 Spells                   Type           Power      Damage    Failure   Level
 Passwall                 Tmut/Erth      9%         N/A       10%         2
 Stone Arrow              Conj/Erth      18%        3d8       22%         3
 Petrify                  Tmut/Erth      11%        N/A       52%         4


Dungeon Overview and Level Annotations

Branches:
Dungeon (2/15)

Altars:


Innate Abilities, Weirdness & Mutations

You have a pair of small antennae on your head.
A meltable shield of frost defends you. (SH +0)


Message History

Aiming: Sandblast (safe; 5% risk of failure)
Press: ? - help, Shift-Dir - straight line, f - Sigmund
Aim: Sigmund, wielding a +0 scythe and wearing a +0 robe (lightly wounded, 77% to hit)
The blast of sand hits Sigmund!
Sigmund is heavily wounded.
Sigmund casts a spell at you. The puff of flame hits you.
Your condensation shield dissipates!
Casting: Sandblast (safe; 5% risk of failure)
Confirm with . or Enter, or press ? or * to list all spells.
Aiming: Sandblast (safe; 5% risk of failure)
Press: ? - help, Shift-Dir - straight line, f/p - Sigmund
Aim: Sigmund, wielding a +0 scythe and wearing a +0 robe (heavily wounded, 77% to hit)
The blast of sand hits Sigmund!
Sigmund is severely wounded.
Sigmund casts a spell at you. The puff of flame hits you!
Casting: Sandblast (safe; 5% risk of failure)
Confirm with . or Enter, or press ? or * to list all spells.
Aiming: Sandblast (safe; 5% risk of failure)
Press: ? - help, Shift-Dir - straight line, f/p - Sigmund
Aim: Sigmund, wielding a +0 scythe and wearing a +0 robe (severely wounded, 77% to hit)
The blast of sand hits Sigmund!
You kill Sigmund!
Your Fighting skill gained 2 levels and is now at level 3!
Your Armour skill increases to level 1!
Your Earth Magic skill increases to level 3!
You have reached level 4!
You feel clever.
You have reached level 5!
Your demonic ancestry asserts itself...
A pair of antennae grows on your head!
You climb upwards.
There is a stone staircase leading down here.
Unknown command.
You open the door.
There is an open door here.
There is a staircase leading out of the dungeon here.
Are you sure you want to leave the Dungeon?
This will make you lose the game!
You have escaped!

.##.##.##..# #.# #....>..# #
.##.##.##..#####'####.###...# #
...........##PP#.#PP### #...# #
###.##.##.##P.P#.#≈≈P## #...#####
#.##.####P...#.#≈≈≈P###........
###......#P....#.#≈≈≈≈P##..######
.........#P....#.#≈≈≈≈P##..#
########.#######.#######...# #
#.+......@......'...# #
#########.#######...# #
#P≈≈≈≈#.#....P#...# #
#P≈≈≈≈#.#...PP#)..#
###########P≈≈≈#.#P..P###..######
##........##P≈≈#.#PPP## #........
##.##########PP#.#PP## ###.####.
##.# ####+#### #.# #.
##.###########.).##.# #.# #.


There were no monsters in sight!

Vanquished Creatures
  Sigmund (D:2)
  An adder (D:2)
  A dart slug (D:1)
  2 endoplasms
  A giant cockroach (D:1)
  2 goblins
  2 hobgoblins (D:1)
  A kobold (D:1)
  2 ball pythons (D:1)
  5 bats (D:1)
  A rat (D:1)
19 creatures vanquished.

Notes
Turn   | Place    | Note
-------+----------+-------------------------------------------
     0 | D:1      | protoss039 the Demonspawn Earth Elementalist began the
                  | quest for the Orb.
     0 | D:1      | Reached XP level 1. HP: 13/13 MP: 3/3
    49 | D:1      | Reached skill level 1 in Transmutations
   214 | D:1      | Gained mutation: A meltable shield of frost defends you.
                  | (SH +0) [demonic ancestry]
   214 | D:1      | Reached XP level 2. HP: 14/20 MP: 5/5
   359 | D:1      | Reached skill level 1 in Fighting
   771 | D:2      | Noticed Sigmund
   819 | D:1      | Reached XP level 3. HP: 17/26 MP: 2/6
   948 | D:2      | Killed Sigmund
   949 | D:2      | Reached skill level 1 in Armour
   949 | D:2      | Reached XP level 4. HP: 15/35 MP: 3/8
   949 | D:2      | Gained mutation: You have a pair of small antennae on your
                  | head. [demonic ancestry]
   949 | D:2      | Reached XP level 5. HP: 18/41 MP: 3/9
   968 | D:$      | Got out of the dungeon alive.

Illustrated notes

Levels and vault maps discovered:
D:1:      psy_arrival_terrarium, layout_loops_ring
D:2:      layout_rooms, uniq_crazy_yiuf_cottage, uniq_sigmund

Skill      XL: |  1  2  3 |
---------------+----------+-----
Transmutations | 1 |  1.0
Fighting       | 1 3 |  3.0
Armour         | 1 |  1.8
Earth Magic    | 3 |  3.4
Dodging        | |  1.7
Stealth        | |  1.7
Spellcasting   | |  2.9

Action                   |  1- 3 |  4- 6 || total
-------------------------+-------+-------++-------
Melee: Dagger            |    41 |       ||    41
 Cast: Sandblast         |    11 |       ||    11
 Stab: Sleeping          |     1 |       ||     1
Armor: Robe              |    14 |       ||    14
Dodge: Dodged            |    38 |       ||    38
Block: Other             |     5 |       ||     5
